 Dungeon Crawl Stone Soup version bcrawl-1.36.4 (webtiles) character file.

Game seed: 11789409009425958973

222786 Darthill6464 the Charmwright (level 6, -2/35 HPs)
             Began as a Skeleton Skald on Aug 10, 2022.
             Killed from afar by an orc wizard (6 damage)
             ... with a puff of flame
             ... on level 3 of the Dungeon.
             The game lasted 00:03:07 (2016 turns).

Darthill6464 the Charmwright (Skeleton Skald)       Turns: 2016, Time: 00:03:07

Health: -2/35      AC:  4    Str: 20    XL:     6   Next: 5%
Magic:  0/13       EV: 12    Int: 11    God:
Gold:   146        SH:  0    Dex:  8    Spells: 5/14 levels left

rFire    . . .     SeeInvis +   a - +0 long sword
rCold    + . .     Gourm    .   (no shield)
rNeg     + + +     Faith    .   b - +0 leather armour
rPois    ∞         Spirit   +   (no helmet)
rElec    .         Reflect  .   l - scarf {clouds}
rCorr    .                      g - +0 pair of gloves
MR       .....                  (no boots)
Stlth    +.........             d - amulet of magic regeneration
HPRegen  0.11/turn              m - ring of see invisible
MPRegen  0.27/turn              (no ring)

@: very slightly contaminated
A: no food or potions, cold resistance 1, deterioration 1, negative energy
resistance 3, powered by death 1, torment resistance, unbreathing, magic shield,
sturdy frame 1, spell healing
a: Evoke Fog


You were on level 3 of the Dungeon.
You were not hungry.

You visited 1 branch of the dungeon, and saw 3 of its levels.

You collected 146 gold pieces.

Inventory:

Hand Weapons
 a - a +0 long sword (weapon)
Armour
 b - a +0 leather armour (worn)
 g - a +0 pair of gloves (worn)
 l - a scarf of clouds (worn)
Jewellery
 d - an amulet of magic regeneration (around neck)
 m - a ring of see invisible (left hand)
Scrolls
 c - 3 scrolls of teleportation {unknown}
 e - 2 scrolls of fear
 f - a scroll of amnesia {unknown}
 h - 2 scrolls of remove curse {unknown}
 i - 2 scrolls of identify
 j - 2 scrolls of magic mapping {unknown}
 k - 2 scrolls of enchant armour {unknown}


   Skills:
 + Level 2.3 Fighting
 + Level 4.4 Long Blades
 + Level 1.1 Armour
 + Level 2.5 Dodging
 + Level 0.7 Stealth
 + Level 4.7 Spellcasting
 + Level 1.1 Hexes
 + Level 4.9 Charms


You had 5 spell levels left.
You knew the following spells:

 Your Spells              Type           Power        Failure   Level  Hunger
a - Infusion              Chrm           ##......     3%          1    N/A
b - Song of Slaying       Chrm           ##......     4%          2    N/A
c - Spectral Weapon       Hex/Chrm       #.......     19%         3    N/A
d - Ozocubu's Armour      Chrm/Ice       #.......     26%         3    N/A

Your spell library contained the following spells:

 Spells                   Type           Power        Failure   Level  Hunger
 Swiftness                Chrm/Air       #.......     13%         2    N/A
 Regeneration             Chrm/Necr      Unusable     N/A         3    N/A

Dungeon Overview and Level Annotations

Branches:
Dungeon (3/12)

Altars:
Yredelemnul


Innate Abilities, Weirdness & Mutations

You do not eat or drink.
You are immune to poison.
Your flesh is cold resistant. (rC+)
Your body sometimes deteriorates upon taking damage.
You are immune to negative energy. (rN+++)
You regenerate a little health from kills.
You are immune to unholy pain and torment.
You can survive without breathing.
When hurt, damage is shared between your health and your magic reserves.
Your movements are slightly less encumbered by armour. (ER -2)
Casting spells heals you.


Message History

You feel stronger. A wave of death washes over you.
You barely miss the orc wizard. The orc wizard casts a spell at you.
You resist. The puff of frost hits you.
* * * LOW HITPOINT WARNING * * *
You hit the orc wizard.
The orc wizard is lightly wounded.
Your spectral weapon fades away.
The orc wizard hits you but does no damage.
The orc wizard casts a spell.
The orc wizard seems to speed up.
The orc wizard hits you with a +0 dagger.
* * * LOW HITPOINT WARNING * * *
You hear a shout!
You closely miss the orc wizard.
The orc wizard is lightly wounded.
The orc wizard gestures at you while chanting.
The puff of flame hits you!
You die... #..... #.... ##.... .... ### .oS

....# #o#
#...#o########..
#...@.........#
#...#.#..#####
#.# #.##..# ..
..###.##### .. .
<(##
#.....###....
###
#####........
####.)###.#..
#.†.......#
##.#####....#


You could see an orc wizard (invisible), an adder and 2 orcs.

Vanquished Creatures
  Sigmund (D:3)
  Terence (D:2)
  A hound zombie (D:3)
  A gnoll (D:1)
  An adder (D:3)
  An ooze (D:2)
  An adder zombie (D:3)
  3 worms (D:2)
  3 dart slugs (D:1)
  A leopard gecko (D:2)
  An orc (D:3)
  3 bats
  A giant cockroach (D:2)
  4 goblins
  6 hobgoblins
  A quokka (D:2)
  A ball python (D:1)
  A frilled lizard (D:1)
  A jackal zombie (D:3)
  5 kobolds
  A quokka zombie (D:3)
  3 rats
42 creatures vanquished.

Notes
Turn   | Place    | Note
-------+----------+-------------------------------------------
     0 | D:1      | Darthill6464 the Skeleton Skald began the quest for the
                  | Orb.
     0 | D:1      | Reached XP level 1. HP: 12/12 MP: 4/4
   130 | D:1      | Reached XP level 2. HP: 2/17 MP: 1/6
   464 | D:1      | Learned a level 2 spell: Song of Slaying
   739 | D:1      | Reached XP level 3. HP: 19/21 MP: 3/7
  1429 | D:2      | Noticed Terence
  1441 | D:2      | Killed Terence
  1462 | D:2      | Reached XP level 4. HP: 26/26 MP: 5/9
  1613 | D:2      | Learned a level 3 spell: Spectral Weapon
  1617 | D:2      | Learned a level 3 spell: Ozocubu's Armour
  1912 | D:3      | Found a basalt altar of Yredelemnul.
  1999 | D:3      | Noticed Sigmund
  2013 | D:3      | Killed Sigmund
  2014 | D:3      | Reached skill level 1 in Hexes
  2014 | D:3      | Reached XP level 5. HP: 6/30 MP: 3/12
  2014 | D:3      | Gained mutation: You regenerate a little health from kills.
                  | [Skeleton growth]
  2014 | D:3      | Reached XP level 6. HP: 8/35 MP: 3/13
  2016 | D:3      | Killed from afar by an orc wizard

Skill      XL: |  1  2  3  4 |
---------------+-------------+-----
Charms         | 4 |  4.9
Long Blades    | 3 4 |  4.4
Spellcasting   | 4 |  4.7
Hexes          | 1 |  1.1
Fighting       | |  2.3
Armour         | |  1.1
Dodging        | |  2.5
Stealth        | |  0.7

Action                   |  1- 3 |  4- 6 || total
-------------------------+-------+-------++-------
Melee: Long sword        |    57 |    48 ||   105
 Cast: Infusion          |    14 |     4 ||    18
       Song of Slaying   |     8 |     2 ||    10
       Spectral Weapon   |       |     6 ||     6
Armor: Leather armour    |    10 |     9 ||    19
Dodge: Dodged            |    32 |    19 ||    51
Block: Other             |     2 |     5 ||     7
